 Dungeon Crawl Stone Soup version 0.31.0-11-ge490571c62 (webtiles) character file.

Game seed: 16645757034425495152

7 browni3141 the Conjurer (level 1, -1/13 HPs)
             Began as a Demonspawn Conjurer on Jan 30, 2024.
             Slain by a quokka (3 damage)
             ... on level 1 of the Dungeon.
             The game lasted 00:00:18 (331 turns).

browni3141 the Conjurer (Demonspawn Conjurer)        Turns: 331, Time: 00:00:19

Health: -1/13      AC:  2    Str:  7    XL:     1   Next: 83%
Magic:  0/3        EV: 12    Int: 18    God:
Gold:   39         SH:  0    Dex: 11    Spells: 3/4 levels left

rFire   . . .        (no weapon)
rCold   . . .        (no shield)
rNeg    . . .        a - +0 robe
rPois   .            (no helmet)
rElec   .            (no cloak)
rCorr   .            (no gloves)
SInv    .            (no boots)
Will    .....        (no amulet)
Stlth   ++           (no ring)
HPRegen 0.22/turn    (no ring)
MPRegen 0.08/turn

%: no passive effects
@: no status effects
A: no striking features
a: no special abilities


You were on level 1 of the Dungeon.
You visited 1 branch of the dungeon, and saw 1 of its levels.

You collected 39 gold pieces.

Inventory:

Armour
 a - a +0 robe (worn)
Potions
 c - a potion of invisibility {unknown}


   Skills:
 + Level 1.9 Dodging
 + Level 2.0 Stealth
 + Level 2.1 Spellcasting
 + Level 4.1 Conjurations


You had 3 spell levels left.
You knew the following spells:

 Your Spells              Type           Power      Damage    Failure   Level
a - Magic Dart            Conj           64%        1d6       3%          1

Your spell library contained the following spells:

 Spells                   Type           Power      Damage    Failure   Level
 Searing Ray              Conj           32%        2d5       4%          2
 Hailstorm                Conj/Ice       9%         3d6       22%         3
 Summon Ice Beast         Ice/Summ       1%         N/A       47%         3
 Fulminant Prism          Conj/Alch      4%         3d5       58%         4
 Iskenderun's Mystic Bla  Conj/Tloc      9%         2d4       58%         4
 Sculpt Simulacrum        Ice/Alch       0%         N/A       100%        6


Dungeon Overview and Level Annotations

Branches:
Dungeon (1/15)

Altars:


Message History

There is an open door here.
You now have 6 gold pieces.
A dart slug comes into view.
A dart slug is nearby!
The magic dart hits the dart slug.
The dart slug is heavily wounded.
The magic dart hits the dart slug.
The dart slug is severely wounded.
The magic dart hits the dart slug.
You kill the dart slug!
Magic restored.
You pick up a book of the Tundra and begin reading...
You add the spells Hailstorm, Summon Ice Beast and Sculpt Simulacrum to your library.
You see here a +2 hand axe of freezing.
A bat comes into view.
A bat is nearby!
A bat is nearby!
You miscast Magic Dart.
You are very lightly contaminated with residual magic.
Nothing appears to happen.
The magic dart hits the bat.
You kill the bat!
You can't see any susceptible monsters within range! (Use Z to cast anyway.)
Your magical contamination has completely faded away.
You now have 17 gold pieces (gained 11).
There is an open door here.
You open the door.
There is an open door here.
You see here a +0 sling.
As you open the door, it creaks loudly!
You hear a shout!
A kobold comes into view. It is wielding a +0 club.
The kobold shouts!
A kobold is nearby!
The magic dart hits the kobold.
You kill the kobold!
You can't see any susceptible monsters within range! (Use Z to cast anyway.)
You can't see any susceptible monsters within range! (Use Z to cast anyway.)
c - a silvery potion You now have 27 gold pieces (gained 10).
Found a stone staircase leading down.
There is a stone staircase leading down here.
A rat, a dart slug and an endoplasm come into view.
The endoplasm quivers.
The endoplasm moves out of view.
You see here 12 gold pieces.
You can't see any susceptible monsters within range! (Use Z to cast anyway.)
You can't see any susceptible monsters within range! (Use Z to cast anyway.)
You now have 39 gold pieces (gained 12).
You can't see any susceptible monsters within range! (Use Z to cast anyway.)
The magic dart hits the endoplasm.
The endoplasm is moderately wounded.
The endoplasm barely misses you.
The magic dart hits the endoplasm.
The endoplasm is almost dead.
The endoplasm misses you.
The magic dart hits the endoplasm.
You kill the endoplasm!
Your Stealth skill increases to level 2!
Unknown command.
You hit the dart slug but do no damage.
The rat squeaks loudly.
You hear a loud squeak.
A quokka comes into view.
The dart slug launches a dart at you. The slug dart misses you.
You hit the dart slug but do no damage.
A giant cockroach comes into view.
A rat comes into view.
You hit the dart slug.
The dart slug is lightly wounded.
An endoplasm comes into view.
You hit the dart slug.
The dart slug is moderately wounded.
The dart slug bites you but does no damage.
You hit the dart slug.
The dart slug is moderately wounded.
The dart slug bites you but does no damage.
You hit the dart slug.
The dart slug is heavily wounded.
The quokka attacks as it pursues you! The quokka bites you.
The quokka attacks as it pursues you! The quokka bites you. x2
The magic dart hits the quokka but does no damage.
The quokka bites you. Magic courses through your body.
The quokka closely misses you.
The magic dart hits the quokka.
The quokka is heavily wounded.
The quokka bites you.
The magic dart hits the quokka but does no damage.
The quokka is heavily wounded.
The quokka bites you but does no damage.
The magic dart hits the quokka.
The quokka is almost dead.
The quokka bites you. The quokka misses you.
Unknown command.
You closely miss the quokka.
The quokka is almost dead.
The quokka closely misses you.
You closely miss the quokka.
The quokka is almost dead.
The quokka bites you.
You die...

...## #.# .###
#.# .# #.# .# #.#
.# #.# .. #.# ##
#.# #.# #@#
#.###r##########
#....wr........#
.....##.##rr..##.
.... #....##..#
... #..##B# ..#
.. #..## 8.# . .
#.## .[.# #.
..8.#


You could see a dart slug, a quokka and a rat.

Vanquished Creatures
  A dart slug (D:1)
  A bat (D:1)
  An endoplasm (D:1)
  A kobold (D:1)
4 creatures vanquished.

Notes
Turn   | Place    | Note
-------+----------+-------------------------------------------
     0 | D:1      | browni3141 the Demonspawn Conjurer began the quest for the
                  | Orb.
     0 | D:1      | Reached XP level 1. HP: 13/13 MP: 3/3
   331 | D:1      | Slain by a quokka

Illustrated notes

Levels and vault maps discovered:
D:1:      eino_arrival_cavern_b, layout_basic,
          hellmonk_ecumenical_altar_crossroads, minmay_misc_feat_ornament,
          minmay_heptomino_w4

Skill      XL: |  1 |
---------------+----+-----
Stealth        | 2 |  2.0
Dodging        | |  1.9
Spellcasting   | |  2.1
Conjurations   | |  4.1

Action                     || total
---------------------------++-------
  Melee: Unarmed           ||     8
   Cast: Magic Dart        ||    12
    Use: Potion            ||     1
 Armour: Robe              ||    10
  Dodge: Dodged            ||     6
